[Event "CCT Chessable Masters Play-In 2025"]
[Site "Online"]
[Date "2025.02.17"]
[Round "2.13"]
[White "Ponomariov, Ruslan"]
[Black "Niemann, Hans Moke"]
[Result "0-1"]
[ECO "C77"]
[WhiteElo "2628"]
[BlackElo "2734"]
[PlyCount "52"]
[EventDate "2025.02.13"]
[EventType "swiss"]
[EventCountry "NET"]
[TimeControl "600"]
[WhiteClock "0:04:15"]
[BlackClock "0:07:06"]

1. e4 e5 2. Nf3 Nc6 3. Bb5 a6 4. Ba4 Nf6 5. O-O Be7 6. d3 b5 7. Bb3 d6 8. a3 O-O 9. Nc3 Nb8 10. Bd2 c6 11. a4 b4 12. Ne2 a5 13. Ng3 Nbd7 14. d4 Ba6 15. Re1 c5 16. c3 c4 17. Bc2 b3 18. Bb1 Re8 19. Nf5 Bf8 20. Bg5 h6 21. Bh4 Qc7 22. Nd2 g6 23. Ne3 Bg7 24. Qf3 Rab8 25. h3 exd4 26. cxd4 c3 0-1

[Event "CCT Chessable Masters Play-In 2025"]
[Site "Online"]
[Date "2025.02.17"]
[Round "2.14"]
[White "Lu, Shanglei"]
[Black "Kozak, Adam"]
[Result "1-0"]
[ECO "B76"]
[WhiteElo "2618"]
[BlackElo "2601"]
[PlyCount "135"]
[EventDate "2025.02.13"]
[EventType "swiss"]
[EventCountry "NET"]
[TimeControl "600"]
[WhiteClock "0:02:05"]
[BlackClock "0:02:02"]

1. e4 c5 2. Nf3 d6 3. d4 cxd4 4. Nxd4 Nf6 5. f3 Nc6 6. Nc3 g6 7. Be3 Bg7 8. Qd2 O-O 9. g4 Be6 10. Nxe6 fxe6 11. O-O-O Ne5 12. Be2 Rc8 13. Nb5 Nc4 14. Bxc4 Rxc4 15. Nd4 Qd7 16. Kb1 Rfc8 17. c3 b5 18. h4 a5 19. h5 b4 20. cxb4 Rxb4 21. hxg6 hxg6 22. Rc1 Rcb8 23. Rc2 Qb7 24. Qh2 Kf7 25. Nc6 Ra8 26. Nxb4 axb4 27. b3 Nd7 28. Qf4+ Kg8 29. Qg5 Ne5 30. Bd4 Bf6 31. Qh6 Kf7 32. Qh7+ Ke8 33. Rhc1 Kd7 34. Bxe5 Bxe5 35. Rc7+ Qxc7 36. Rxc7+ Kxc7 37. Qxe7+ Kb6 38. Qxe6 Rf8 39. Qc4 Ka5 40. Qc7+ Kb5 41. Qb7+ Kc5 42. Qa7+ Kc6 43. Qa4+ Kc5 44. Qa5+ Kd4 45. Qxb4+ Ke3 46. Qe1+ Kf4 47. a4 Rb8 48. Qd1 Rc8 49. a5 Rc5 50. b4 Rc4 51. Qd2+ Kg3 52. f4 Rd4 53. Qe3+ Kxg4 54. fxe5 Rxb4+ 55. Kc2 dxe5 56. Qe2+ Kh3 57. a6 Ra4 58. Kb3 Ra1 59. a7 g5 60. Kb2 Ra4 61. Qe3+ Kh4 62. Qa3 Rxa3 63. Kxa3 g4 64. a8=Q g3 65. Qg8 Kh3 66. Qe6+ Kh2 67. Qxe5 Kh1 68. Qg5 1-0

[Event "CCT Chessable Masters Play-In 2025"]
[Site "Online"]
[Date "2025.02.17"]
[Round "2.15"]
[White "Vokhidov, Shamsiddin"]
[Black "Robson, Ray"]
[Result "1-0"]
[ECO "B52"]
[WhiteElo "2670"]
[BlackElo "2689"]
[PlyCount "113"]
[EventDate "2025.02.13"]
[EventType "swiss"]
[EventCountry "NET"]
[TimeControl "600"]
[WhiteClock "0:02:11"]

1. e4 c5 2. Nf3 d6 3. Bb5+ Bd7 4. Bxd7+ Nxd7 5. O-O e6 6. c4 Ne5 7. Nc3 Ne7 8. Ne1 N7c6 9. d3 g5 10. a3 Bg7 11. Rb1 Qe7 12. b4 O-O-O 13. b5 Nd4 14. Be3 h5 15. Bxd4 cxd4 16. Ne2 Nd7 17. Nc2 d5 18. cxd5 exd5 19. Ncxd4 Bxd4 20. Nxd4 dxe4 21. Nf5 Qe5 22. dxe4 Nc5 23. Qc2 Kb8 24. b6 axb6 25. Rxb6 Rd7 26. f3 Rc8 27. Rb5 Nd3 28. Qa4 Rc5 29. Rb3 Rcc7 30. Rb5 Rc5 31. Rb3 Rcc7 32. Qb5 Qxb5 33. Rxb5 Rc2 34. Ne3 Re2 35. Nd5 h4 36. h3 Ra2 37. Rfb1 Rxa3 38. Nf6 Rc7 39. Rxg5 Ra2 40. Nd5 Rcc2 41. Rg7 Ka7 42. Ne3 Re2 43. Nf5 Ka6 44. Nxh4 b5 45. Rxf7 b4 46. Rd7 Nf4 47. Rg7 Nd3 48. Nf5 Ne1 49. Rg6+ Ka7 50. Nd4 Rxg2+ 51. Rxg2 Nxg2 52. Rxb4 Nf4 53. h4 Rg2+ 54. Kf1 Rh2 55. Nf5 Rh1+ 56. Kf2 Nd3+ 57. Kg2 1-0

[Event "CCT Chessable Masters Play-In 2025"]
[Site "Online"]
[Date "2025.02.17"]
[Round "2.16"]
[White "Bortnyk, Olexandr"]
[Black "Chigaev, Maksim"]
[Result "0-1"]
[ECO "E69"]
[WhiteElo "2601"]
[BlackElo "2632"]
[PlyCount "99"]
[EventDate "2025.02.13"]
[EventType "swiss"]
[EventCountry "NET"]
[TimeControl "600"]
[BlackClock "0:01:09"]

1. e4 c6 2. c4 g6 3. Nc3 Bg7 4. d4 d6 5. g3 Nf6 6. Bg2 O-O 7. Nge2 Na6 8. O-O e5 9. h3 exd4 10. Nxd4 Re8 11. Re1 Nc5 12. Bf4 a5 13. Qd2 Nh5 14. Be3 Nf6 15. Bh6 Bxh6 16. Qxh6 Nfd7 17. Rad1 Qf6 18. f4 a4 19. Nf3 Nb6 20. e5 Qg7 21. Qxg7+ Kxg7 22. Rxd6 Nxc4 23. Rd4 Nxb2 24. Bf1 a3 25. g4 Be6 26. Re3 Red8 27. Be2 b5 28. Nb1 Rxd4 29. Nxd4 b4 30. Nxe6+ fxe6 31. Nd2 Rf8 32. f5 gxf5 33. gxf5 Rxf5 34. Bf3 Ncd3 35. Bxc6 Rxe5 36. Rg3+ Kf8 37. Be4 Nc1 38. Rf3+ Ke7 39. Bb1 Re2 40. Ne4 Nxa2 41. Rg3 Re1+ 42. Kf2 Rxb1 43. Rg7+ Kd8 44. Nc5 Nc3 45. Nb7+ Ke8 46. Nd6+ Kf8 47. Rf7+ Kg8 48. Rb7 a2 49. Ne8 Ne4+ 50. Kf3 0-1

[Event "CCT Chessable Masters Play-In 2025"]
[Site "Online"]
[Date "2025.02.17"]
[Round "2.17"]
[White "Sindarov, Javokhir"]
[Black "Daneshvar, Bardiya"]
[Result "1-0"]
[ECO "B06"]
[WhiteElo "2700"]
[BlackElo "2604"]
[PlyCount "117"]
[EventDate "2025.02.13"]
[EventType "swiss"]
[EventCountry "NET"]
[TimeControl "600"]
[WhiteClock "0:00:42"]
[BlackClock "0:00:07"]

1. e4 c5 2. Nf3 g6 3. c3 d5 4. exd5 Qxd5 5. d4 Bg7 6. Nbd2 cxd4 7. Bc4 Qc5 8. Qb3 Nh6 9. cxd4 Qb6 10. Qxb6 axb6 11. Ne4 O-O 12. O-O Nf5 13. d5 Na6 14. Re1 Nc5 15. Nc3 Nd6 16. Bf1 Nb3 17. Rb1 Nxc1 18. Rbxc1 Bf6 19. Ne5 Bf5 20. g4 Bc8 21. f4 Rd8 22. Kg2 Kf8 23. Kf3 Bd7 24. a3 Be8 25. Ne4 Nxe4 26. Kxe4 g5 27. f5 Ra4+ 28. Rc4 Ra5 29. Rd1 Ba4 30. Rdd4 Bb3 31. Rd2 Bxc4 32. Nxc4 Ra4 33. b3 Ra7 34. a4 b5 35. axb5 Ra1 36. Bg2 Rb1 37. Rd3 Ra8 38. d6 exd6 39. Kd5 Be7 40. b6 Rc8 41. Kd4 d5 42. Bxd5 Bc5+ 43. Kc3 Bxb6 44. Bxb7 Rc7 45. Be4 Bc5 46. f6 Rc8 47. Bxh7 Rb8 48. Kc2 Rh1 49. Rd2 Ra8 50. Kc3 Rf1 51. Ne5 Be3 52. Re2 Rc8+ 53. Kd3 Rd1+ 54. Kxe3 Rc3+ 55. Bd3 Rxb3 56. Rc2 Re1+ 57. Kd4 Rb4+ 58. Kd5 Rb8 59. Nd7+ 1-0

[Event "CCT Chessable Masters Play-In 2025"]
[Site "Online"]
[Date "2025.02.17"]
[Round "2.18"]
[White "Bok, Benjamin"]
[Black "Ma, Qun"]
[Result "1-0"]
[ECO "D35"]
[WhiteElo "2583"]
[BlackElo "2645"]
[PlyCount "115"]
[EventDate "2025.02.13"]
[EventType "swiss"]
[EventCountry "NET"]
[TimeControl "600"]
[WhiteClock "0:00:18"]

1. d4 d5 2. c4 e6 3. Nc3 Nf6 4. cxd5 exd5 5. Bg5 c6 6. e3 h6 7. Bh4 Be7 8. Bd3 O-O 9. Nge2 Re8 10. O-O Nbd7 11. a4 Nh5 12. Bxe7 Qxe7 13. a5 Ndf6 14. Qc2 g6 15. Na4 a6 16. Nc5 Ng7 17. Nc3 Bf5 18. Rfe1 Bxd3 19. Qxd3 Nf5 20. e4 dxe4 21. N3xe4 Nxe4 22. Rxe4 Qc7 23. h3 Nd6 24. Re5 Nf5 25. Rae1 Rxe5 26. Rxe5 Rd8 27. Re4 Rd5 28. b4 Kg7 29. g3 Qd6 30. Qc3 Qf6 31. Nb3 h5 32. h4 Nd6 33. Re5 Rxe5 34. dxe5 Qxf2+ 35. Kxf2 Ne4+ 36. Ke3 Nxc3 37. Nc5 Nd5+ 38. Kd4 Nxb4 39. Nxb7 g5 40. hxg5 Kg6 41. Nd8 Nc2+ 42. Kc5 Ne3 43. Kb6 c5 44. Kxa6 c4 45. e6 fxe6 46. Nxe6 c3 47. Kb7 c2 48. Nf4+ Kxg5 49. Ne2 Nf5 50. a6 Nd4 51. Nc1 Nb5 52. Kb6 Nd6 53. Kc6 Nc8 54. Kc7 Nd6 55. Kxd6 Kg4 56. a7 h4 57. gxh4 Kxh4 58. a8=Q 1-0

[Event "CCT Chessable Masters Play-In 2025"]
[Site "Online"]
[Date "2025.02.17"]
[Round "2.19"]
[White "Sjugirov, Sanan"]
[Black "Mamedov, Rauf"]
[Result "0-1"]
[ECO "B30"]
[WhiteElo "2643"]
[BlackElo "2656"]
[PlyCount "140"]
[EventDate "2025.02.13"]
[EventType "swiss"]
[EventCountry "NET"]
[TimeControl "600"]
[WhiteClock "0:00:03"]
[BlackClock "0:00:31"]

1. e4 c5 2. Nf3 Nc6 3. Bb5 Nf6 4. Bxc6 dxc6 5. d3 Qc7 6. Nbd2 e5 7. Nc4 b5 8. Ne3 Be7 9. a4 O-O 10. O-O Rd8 11. Qe2 Bf8 12. b3 Rb8 13. Bb2 Re8 14. h3 a6 15. Nh4 Qd8 16. Nhf5 g6 17. Ng3 Bg7 18. Qe1 Be6 19. axb5 axb5 20. Bxe5 Ra8 21. Rxa8 Qxa8 22. Qc3 Qd8 23. f4 Bc8 24. Ra1 Rxe5 25. fxe5 Nd7 26. Ng4 b4 27. Qb2 h5 28. Nf6+ Nxf6 29. exf6 Bxf6 30. e5 Bh4 31. Ne4 Bf5 32. Nf6+ Kg7 33. Rf1 Be6 34. Kh2 Bg5 35. Qa1 Be3 36. Kh1 Qb8 37. Re1 Bd4 38. Qc1 Bc3 39. Re2 Qa8 40. Kh2 Bd4 41. Qe1 Qh8 42. Qd2 Qa8 43. Qe1 Qh8 44. Re4 Qh6 45. Kh1 Bc3 46. Qg1 Bf5 47. Re2 Qf4 48. Ne8+ Kh7 49. Nd6 Bd4 50. Qe1 Be6 51. Nc4 Bd5 52. Nd2 Bc3 53. Qf1 Bxd2 54. Rf2 Qh4 55. Rxf7+ Kh6 56. Kh2 Qg5 57. Rf8 Qxe5+ 58. Kh1 Qe1 59. Qxe1 Bxe1 60. Rf1 Bc3 61. Kh2 g5 62. Kg3 Be5+ 63. Kf2 Kg6 64. g3 Bd4+ 65. Ke2 Be6 66. Rf8 Bxh3 67. Kf3 Bg4+ 68. Kg2 Bd1 69. Rc8 Bxc2 70. Rxc6+ Kf5 0-1

[Event "CCT Chessable Masters Play-In 2025"]
[Site "Online"]
[Date "2025.02.17"]
[Round "2.20"]
[White "Salem, A.R. Saleh"]
[Black "Muradli, Mahammad"]
[Result "0-1"]
[ECO "D35"]
[WhiteElo "2631"]
[BlackElo "2588"]
[PlyCount "82"]
[EventDate "2025.02.13"]
[EventType "swiss"]
[EventCountry "NET"]
[TimeControl "600"]
[WhiteClock "0:00:35"]
[BlackClock "0:02:17"]

1. d4 Nf6 2. c4 e6 3. Nc3 d5 4. cxd5 exd5 5. Bg5 c6 6. e3 h6 7. Bh4 Be7 8. Bd3 O-O 9. Nge2 Ne8 10. Bg3 Nd6 11. Qc2 Re8 12. O-O Bf8 13. Kh1 a5 14. Rae1 Na6 15. a3 b5 16. Ng1 Nc4 17. Nf3 Bd6 18. e4 Bxg3 19. fxg3 dxe4 20. Bxe4 Bd7 21. Qf2 f6 22. d5 Nd6 23. Bg6 Rxe1 24. Rxe1 c5 25. Ne2 f5 26. Nf4 Ne4 27. Rxe4 fxe4 28. Ne5 Be8 29. Bxe4 Qf6 30. Ng4 Qd4 31. Qc2 Bf7 32. Ne2 Qc4 33. Qxc4 bxc4 34. Nc3 Rb8 35. Ne5 Rxb2 36. h4 Nb8 37. a4 Rb3 38. Nb5 Re3 39. Nd6 c3 40. Nc6 Rxe4 41. Nxe4 c2 0-1

[Event "CCT Chessable Masters Play-In 2025"]
[Site "Online"]
[Date "2025.02.17"]
[Round "2.21"]
[White "Narayanan, Srinath"]
[Black "Deac, Bogdan-Daniel"]
[Result "0-1"]
[ECO "D32"]
[WhiteElo "2516"]
[BlackElo "2692"]
[PlyCount "124"]
[EventDate "2025.02.13"]
[EventType "swiss"]
[EventCountry "NET"]
[TimeControl "600"]
[WhiteClock "0:00:24"]
[BlackClock "0:00:41"]

1. Nf3 d5 2. e3 Nf6 3. c4 e6 4. Nc3 Bd6 5. b3 O-O 6. Bb2 c5 7. cxd5 exd5 8. d4 Nc6 9. Be2 cxd4 10. Nxd4 Nxd4 11. Qxd4 Re8 12. O-O Be5 13. Qd2 Bf5 14. Rfd1 Qa5 15. Na4 Qxd2 16. Rxd2 Bxb2 17. Nxb2 Rac8 18. Bf3 Be4 19. Rad1 h6 20. Nd3 d4 21. exd4 Bxf3 22. gxf3 Nd5 23. Kf1 Kf8 24. Re1 Red8 25. Ne5 Rc3 26. h4 Nf4 27. Kg1 f6 28. Nc4 Ng6 29. h5 Nh4 30. Red1 Nxf3+ 31. Kg2 Nxd2 32. Rxd2 Rd5 33. Ne3 Rxh5 34. d5 Ke8 35. Kf3 Re5 36. Kf4 h5 37. Kf3 g5 38. Kg2 Rexe3 39. fxe3 Rxe3 40. Rc2 Kd7 41. Rf2 Ke7 42. Rc2 Kd6 43. Rf2 Ke5 44. Rc2 Kxd5 45. Rc7 Re2+ 46. Kf3 Rxa2 47. Rxb7 a5 48. Ra7 Ra3 49. Kg2 Rxb3 50. Rxa5+ Ke6 51. Kf2 h4 52. Kg2 Kf7 53. Kh2 Kg6 54. Kg2 g4 55. Kh2 f5 56. Kg2 Kg5 57. Ra4 h3+ 58. Kh2 f4 59. Ra8 Rb2+ 60. Kh1 g3 61. Ra1 f3 62. Rc1 Rh2+ 0-1

[Event "CCT Chessable Masters Play-In 2025"]
[Site "Online"]
[Date "2025.02.17"]
[Round "2.22"]
[White "Sargsyan, Shant"]
[Black "Ioannidis, Evgenios"]
[Result "1-0"]
[ECO "D02"]
[WhiteElo "2660"]
[BlackElo "2484"]
[PlyCount "89"]
[EventDate "2025.02.13"]
[EventType "swiss"]
[EventCountry "NET"]
[TimeControl "600"]
[WhiteClock "0:04:49"]
[BlackClock "0:03:49"]

1. d4 d5 2. Nf3 Nf6 3. Bf4 c5 4. e3 Nc6 5. Nbd2 Bg4 6. c3 e6 7. Qb3 Qb6 8. Ne5 Nxe5 9. Bxe5 Nd7 10. Bb5 c4 11. Qa4 Qd8 12. b3 cxb3 13. axb3 a6 14. c4 Rc8 15. Bxd7+ Qxd7 16. c5 f6 17. Bg3 Be7 18. f3 Bf5 19. Kf2 Bd3 20. Qxd7+ Kxd7 21. b4 Bd8 22. Rhc1 Re8 23. Rc3 Bb5 24. e4 g5 25. h4 f5 26. exf5 exf5 27. Be5 Bc7 28. f4 gxf4 29. Nf3 Bd8 30. Re1 Re6 31. Rcc1 Be7 32. Ng5 Bxg5 33. hxg5 Rg8 34. Rh1 Rxg5 35. Rxh7+ Re7 36. Rch1 Rg4 37. Rxe7+ Kxe7 38. Rh7+ Ke6 39. Rxb7 Bd3 40. c6 Be4 41. c7 Rxg2+ 42. Ke1 Rg1+ 43. Kf2 Rg2+ 44. Kf1 Rc2 45. Rb8 1-0

[Event "CCT Chessable Masters Play-In 2025"]
[Site "Online"]
[Date "2025.02.17"]
[Round "2.23"]
[White "Naroditsky, Daniel"]
[Black "Sarana, Alexey"]
[Result "1/2-1/2"]
[ECO "A07"]
[WhiteElo "2619"]
[BlackElo "2672"]
[PlyCount "68"]
[EventDate "2025.02.13"]
[EventType "swiss"]
[EventCountry "NET"]
[TimeControl "600"]
[WhiteClock "0:03:32"]
[BlackClock "0:03:44"]

1. Nf3 d5 2. g3 c6 3. Bg2 Bf5 4. O-O Nd7 5. d3 e5 6. Nc3 Ngf6 7. e4 dxe4 8. dxe4 Nxe4 9. Nxe4 Bxe4 10. Nxe5 Bxg2 11. Re1 Nxe5 12. Rxe5+ Be7 13. Qxd8+ Rxd8 14. Kxg2 f6 15. Re1 Kf7 16. Be3 a6 17. Rad1 h5 18. h4 b5 19. Bb6 Rxd1 20. Rxd1 Rb8 21. Be3 Rb7 22. Kf3 Ke6 23. Re1 Kf5 24. Rd1 a5 25. b3 a4 26. bxa4 bxa4 27. Rd4 a3 28. Rc4 Rb2 29. Rxc6 Rxa2 30. Bd4 Bb4 31. Rc4 Bd6 32. Rc6 Bb4 33. Rc4 Bd6 34. Rc6 Bb4 1/2-1/2

[Event "CCT Chessable Masters Play-In 2025"]
[Site "Online"]
[Date "2025.02.17"]
[Round "2.24"]
[White "Hong, Andrew"]
[Black "Pichot, Alan"]
[Result "0-1"]
[ECO "B13"]
[WhiteElo "2579"]
[BlackElo "2613"]
[PlyCount "90"]
[EventDate "2025.02.13"]
[EventType "swiss"]
[EventCountry "NET"]
[TimeControl "600"]
[WhiteClock "0:00:03"]
[BlackClock "0:01:41"]

1. d4 Nf6 2. Nc3 d5 3. Bf4 c5 4. e3 cxd4 5. exd4 a6 6. Bd3 Nc6 7. Nce2 Qb6 8. a4 Bg4 9. c3 e6 10. Qd2 Na5 11. Qc2 Rc8 12. h3 Bh5 13. Be5 Nc6 14. a5 Nxa5 15. Nf4 Bg6 16. Nxg6 hxg6 17. Nf3 Nc6 18. O-O Nd7 19. Qa4 Ndxe5 20. Nxe5 Bd6 21. f4 O-O 22. Nd7 Qxb2 23. Nxf8 Qxc3 24. Nxe6 Qxd3 25. Ng5 Qxd4+ 26. Kh1 Qxa4 27. Rxa4 Rd8 28. Rd1 d4 29. g3 a5 30. Rc4 Bb4 31. Kg2 a4 32. Rb1 d3 33. Ne4 d2 34. Nf2 a3 35. Kf3 Rd4 36. Rbxb4 Nxb4 37. Rxd4 a2 38. Rd8+ Kh7 39. Ne4 f6 40. Rd7 a1=Q 41. Rxd2 Qf1+ 42. Nf2 Nc6 43. Kg4 Nd4 44. Rxd4 Qe2+ 45. Kh4 Qh5# 0-1

[Event "CCT Chessable Masters Play-In 2025"]
[Site "Online"]
[Date "2025.02.17"]
[Round "2.25"]
[White "Korobov, Anton"]
[Black "Oparin, Grigoriy"]
[Result "1-0"]
[ECO "C55"]
[WhiteElo "2627"]
[BlackElo "2660"]
[PlyCount "167"]
[EventDate "2025.02.13"]
[EventType "swiss"]
[EventCountry "NET"]
[TimeControl "600"]
[WhiteClock "0:00:14"]

1. e4 e5 2. Nf3 Nc6 3. Bc4 Nf6 4. d3 Be7 5. Nc3 O-O 6. a4 d6 7. O-O Be6 8. Nd5 Qd7 9. c3 Rae8 10. a5 Nd8 11. Qa4 c6 12. Nxf6+ Bxf6 13. Be3 a6 14. h3 g6 15. Rfd1 Bg7 16. Bxe6 Nxe6 17. d4 exd4 18. cxd4 d5 19. Ne5 Qd6 20. Qb3 Re7 21. exd5 Qxd5 22. Qxd5 cxd5 23. Ra3 f6 24. Nd3 f5 25. Nf4 Nxf4 26. Bxf4 Rc8 27. Bd6 Re2 28. Rc3 Rc6 29. Rxc6 bxc6 30. b4 Rc2 31. Bc5 Kf7 32. Re1 Bf6 33. g3 g5 34. g4 f4 35. Kg2 Rd2 36. h4 gxh4 37. Kf3 Bg5 38. Re5 h6 39. Kg2 Rd3 40. Rf5+ Kg6 41. Rf8 h3+ 42. Kh2 Bh4 43. Rxf4 Bd8 44. Bd6 Bf6 45. Be5 Be7 46. Rf5 Rb3 47. f4 Rxb4 48. Kxh3 Ra4 49. Rh5 Bf8 50. f5+ Kf7 51. g5 hxg5 52. Rh7+ Kg8 53. Rc7 c5 54. Kg4 cxd4 55. Kh5 Rc4 56. Ra7 d3 57. Rd7 d4 58. Bxd4 d2 59. Be3 Bb4 60. Kg6 Rc6+ 61. f6 Rd6 62. Rxd6 Bxd6 63. f7+ Kf8 64. Bxd2 Ke7 65. Bxg5+ Ke6 66. Bf6 Bc5 67. Bd4 Bd6 68. Kg7 Be7 69. Kg8 Bd6 70. Bg7 Be7 71. Bf8 Bg5 72. Bb4 Bh6 73. Bd2 Bxd2 74. f8=Q Bxa5 75. Qf7+ Kd6 76. Qb7 Kc5 77. Qxa6 Bb4 78. Kf7 Kd4 79. Ke6 Kc3 80. Qb5 Kb3 81. Kd5 Kc3 82. Qc4+ Kd2 83. Qxb4+ Ke3 84. Qc3+ 1-0

[Event "CCT Chessable Masters Play-In 2025"]
[Site "Online"]
[Date "2025.02.17"]
[Round "2.26"]
[White "Theodorou, Nikolas"]
[Black "Lobanov, Sergei"]
[Result "1/2-1/2"]
[ECO "A05"]
[WhiteElo "2611"]
[BlackElo "2508"]
[PlyCount "84"]
[EventDate "2025.02.13"]
[EventType "swiss"]
[EventCountry "NET"]
[TimeControl "600"]
[WhiteClock "0:03:44"]
[BlackClock "0:02:48"]

1. Nf3 d5 2. b3 Nf6 3. Bb2 e6 4. g3 c5 5. Bg2 Nc6 6. O-O Be7 7. d3 O-O 8. Ne5 Nxe5 9. Bxe5 b6 10. Nd2 Bb7 11. e4 dxe4 12. Nxe4 Nxe4 13. Bxe4 Bxe4 14. dxe4 Bf6 15. Qxd8 Rfxd8 16. Bxf6 gxf6 17. Rfd1 Rd4 18. Re1 Rad8 19. Kf1 b5 20. Re3 a5 21. Rae1 Kg7 22. h4 Kg6 23. Rf3 a4 24. Rc3 c4 25. a3 cxb3 26. cxb3 Rd3 27. Re3 Rxc3 28. Rxc3 b4 29. axb4 a3 30. Rc1 Rd3 31. Ra1 Rxb3 32. b5 f5 33. exf5+ Kxf5 34. b6 h5 35. b7 Rxb7 36. Rxa3 e5 37. Kg2 f6 38. Rf3+ Kg6 39. Ra3 Rb2 40. Rc3 Ra2 41. Rb3 Rc2 42. Ra3 Rb2 1/2-1/2

[Event "CCT Chessable Masters Play-In 2025"]
[Site "Online"]
[Date "2025.02.17"]
[Round "2.27"]
[White "Narayanan S L"]
[Black "Santos Latasa, Jaime"]
[Result "1/2-1/2"]
[ECO "A46"]
[WhiteElo "2622"]
[BlackElo "2631"]
[PlyCount "158"]
[EventDate "2025.02.13"]
[EventType "swiss"]
[EventCountry "NET"]
[TimeControl "600"]
[WhiteClock "0:04:44"]
[BlackClock "0:01:28"]

1. d4 Nf6 2. Nf3 e6 3. c3 c5 4. Bg5 h6 5. Bh4 cxd4 6. cxd4 Be7 7. Nc3 O-O 8. e3 b6 9. Bd3 Ba6 10. O-O Bxd3 11. Qxd3 Nc6 12. a3 Qc8 13. d5 Na5 14. d6 Bd8 15. Rac1 Qc4 16. Qd1 Qa6 17. Ne5 Qb7 18. b4 Nc6 19. Qf3 Ne8 20. Be7 Nf6 21. Nxc6 dxc6 22. Bxf8 Kxf8 23. Rfd1 Rc8 24. b5 Qd7 25. a4 cxb5 26. Nxb5 Rxc1 27. Rxc1 a6 28. Nd4 Qxd6 29. Qc6 Qa3 30. Rd1 Be7 31. Qa8+ Ne8 32. Qxa6 Bc5 33. h3 Nd6 34. Nb5 Qb3 35. Rf1 Nc4 36. Qc8+ Ke7 37. Qc7+ Kf6 38. Qf4+ Kg6 39. Qe4+ Kf6 40. Rc1 Nxe3 41. Nd4 Qb2 42. Qxe3 Bxd4 43. Qf3+ Kg6 44. Qe4+ Kf6 45. Rf1 Bc5 46. h4 Qc3 47. Qf4+ Ke7 48. Rc1 Qb2 49. Rd1 Qc2 50. Qd2 Qxd2 51. Rxd2 e5 52. Kf1 h5 53. Ke2 Ke6 54. Rd8 f5 55. g3 g6 56. Rg8 Kf6 57. Rc8 Bd4 58. Rc6+ Kf7 59. f3 Kg7 60. f4 e4 61. Rc4 Bg1 62. Rc1 Bd4 63. Rc7+ Kf6 64. Rc6+ Kf7 65. Rc4 Bg1 66. Rb4 Bc5 67. Rb5 Bd4 68. Rb1 Bc5 69. Rc1 Bd4 70. Rc6 Kg7 71. Kf1 Kf7 72. Ke1 Bg1 73. Kd1 Bf2 74. Kc2 Kg7 75. Kc3 Kf7 76. Kc4 Kg7 77. Kc3 Kf7 78. Kd2 Kg7 79. Ke2 Bd4 1/2-1/2

[Event "CCT Chessable Masters Play-In 2025"]
[Site "Online"]
[Date "2025.02.17"]
[Round "2.28"]
[White "Bluebaum, Matthias"]
[Black "Moroni, Luca Jr"]
[Result "1-0"]
[ECO "A43"]
[WhiteElo "2643"]
[BlackElo "2552"]
[PlyCount "93"]
[EventDate "2025.02.13"]
[EventType "swiss"]
[EventCountry "NET"]
[TimeControl "600"]
[WhiteClock "0:03:09"]
[BlackClock "0:00:17"]

1. d4 g6 2. c4 Bg7 3. e4 d6 4. Nc3 c5 5. d5 Bxc3+ 6. bxc3 e5 7. dxe6 Bxe6 8. Rb1 Nc6 9. Bd3 Qa5 10. Ne2 Qa6 11. O-O Nge7 12. Bg5 O-O-O 13. Nf4 Bxc4 14. Bxc4 Qxc4 15. Nd5 Rhe8 16. Nf6 Rh8 17. Nd5 Rhe8 18. Qf3 Nxd5 19. exd5 Ne5 20. Qh3+ Rd7 21. f4 Nd3 22. Rxb7 f5 23. Rxd7 Qxc3 24. Bf6 Qxf6 25. Qxd3 Kxd7 26. Qb5+ Kd8 27. Qb8+ Kd7 28. Qxa7+ Kd8 29. Qa8+ Kd7 30. Qc6+ Kd8 31. Rb1 Qd4+ 32. Kh1 Qb4 33. Qxd6+ Kc8 34. Qc6+ Kd8 35. Qf6+ Kc8 36. Qa6+ Kc7 37. Qf1 Qd4 38. Qb5 Qb4 39. Qf1 Qd4 40. h3 c4 41. Qc1 Re4 42. Qa3 Rxf4 43. Qe7+ Kc8 44. Qe8+ Kc7 45. Qc6+ Kd8 46. Rb8+ Ke7 47. Qe6# 1-0

[Event "CCT Chessable Masters Play-In 2025"]
[Site "Online"]
[Date "2025.02.17"]
[Round "2.29"]
[White "Bologan, Victor"]
[Black "Puranik, Abhimanyu"]
[Result "0-1"]
[ECO "C54"]
[WhiteElo "2603"]
[BlackElo "2636"]
[PlyCount "136"]
[EventDate "2025.02.13"]
[EventType "swiss"]
[EventCountry "NET"]
[TimeControl "600"]
[BlackClock "0:00:42"]

1. e4 e5 2. Nf3 Nc6 3. Bc4 Nf6 4. d3 Bc5 5. c3 d6 6. Nbd2 h6 7. h3 a5 8. Nf1 Be6 9. Bb5 O-O 10. Bxc6 bxc6 11. g4 Nh7 12. Ng3 a4 13. Nf5 d5 14. Qe2 dxe4 15. dxe4 Bc8 16. Be3 Ba6 17. c4 Bxe3 18. Qxe3 Re8 19. Rd1 Qf6 20. b3 axb3 21. axb3 Bc8 22. Ng3 Qe7 23. O-O Nf8 24. Nf5 Qf6 25. Kg2 Ng6 26. Kg3 Ra3 27. Ra1 Rxa1 28. Rxa1 Bxf5 29. exf5 e4 30. Rd1 Nf8 31. Ng1 Qb2 32. Ne2 Nh7 33. Nf4 Nf6 34. Kg2 Rb8 35. Rd2 Qb1 36. Qc3 Kh7 37. Rb2 Qd1 38. Qe3 Ra8 39. Qe2 Qd6 40. Qe3 Rd8 41. b4 Qe5 42. Rd2 Rb8 43. c5 Qa1 44. Qd4 Qb1 45. Rb2 Qc1 46. Ne2 Qe1 47. Ng3 Ra8 48. Qe3 Qa1 49. Rd2 Ra3 50. Qd4 Qb1 51. Qb2 Qxb2 52. Rxb2 e3 53. fxe3 Rxe3 54. Ra2 Nd5 55. Kf2 Rb3 56. Ra8 Nxb4 57. Rf8 Nd3+ 58. Kf1 Ne5 59. Nh5 Rxh3 60. f6 gxf6 61. Rc8 Rc3 62. Nxf6+ Kg6 63. Ne4 Rc1+ 64. Ke2 Nxg4 65. Rxc7 Kf5 66. Nd6+ Ke6 67. Nxf7 Rxc5 68. Kf3 h5 0-1

[Event "CCT Chessable Masters Play-In 2025"]
[Site "Online"]
[Date "2025.02.17"]
[Round "2.30"]
[White "Volokitin, Andrei"]
[Black "Anton Guijarro, David"]
[Result "0-1"]
[ECO "B12"]
[WhiteElo "2643"]
[BlackElo "2668"]
[PlyCount "82"]
[EventDate "2025.02.13"]
[EventType "swiss"]
[EventCountry "NET"]
[TimeControl "600"]
[BlackClock "0:01:59"]

1. e4 c6 2. d4 d5 3. e5 Bf5 4. Nf3 e6 5. Be2 Ne7 6. c3 Nd7 7. O-O h6 8. Nbd2 g5 9. Re1 Bg6 10. Nf1 c5 11. h3 Nc6 12. Bd3 Bxd3 13. Qxd3 Be7 14. Bd2 Qb6 15. Ng3 Qxb2 16. Reb1 c4 17. Qe2 Qc2 18. Rxb7 Nb6 19. Rc7 Qa4 20. Nh5 Kd8 21. Rxe7 Nxe7 22. Ne1 Kc7 23. Qf3 Raf8 24. g4 Nd7 25. Qe2 Ng6 26. Be3 Rb8 27. Bc1 Rb7 28. Nc2 Rhb8 29. Ba3 Rb1+ 30. Rxb1 Rxb1+ 31. Kh2 a5 32. Qd2 Nh4 33. Qe2 Kc6 34. f4 Ng6 35. fxg5 hxg5 36. Qf2 Rd1 37. Ne3 Rd3 38. Qxf7 Rxe3 39. Qxe6+ Kb7 40. Qxg6 Qd1 41. Nf4 gxf4 0-1

[Event "CCT Chessable Masters Play-In 2025"]
[Site "Online"]
[Date "2025.02.17"]
[Round "2.31"]
[White "Matinian, Nikita"]
[Black "Rustemov, Alexander"]
[Result "1/2-1/2"]
[ECO "C10"]
[WhiteElo "2415"]
[BlackElo "2525"]
[PlyCount "94"]
[EventDate "2025.02.13"]
[EventType "swiss"]
[EventCountry "NET"]
[TimeControl "600"]
[WhiteClock "0:00:27"]
[BlackClock "0:00:46"]

1. e4 e6 2. d4 d5 3. Nc3 dxe4 4. Nxe4 Bd7 5. Nf3 Bc6 6. Bd3 Nd7 7. O-O Ngf6 8. Ned2 Be7 9. b3 b5 10. Bb2 b4 11. Re1 O-O 12. Nc4 a5 13. a4 Bd5 14. Nfe5 Nxe5 15. dxe5 Nd7 16. Re3 g6 17. Rh3 Nc5 18. Qg4 Nxd3 19. Rxd3 h5 20. Qh3 Bg5 21. Rf1 Kg7 22. f4 Bh6 23. f5 Kh7 24. f6 Rh8 25. Bc1 Qf8 26. Bxh6 Qxh6 27. Ne3 c6 28. Nc4 Bxc4 29. bxc4 Rhd8 30. Qf3 Rxd3 31. Qxd3 Qg5 32. Qd7 Kg8 33. Qxc6 Qe3+ 34. Kh1 Rd8 35. Qc7 Rf8 36. Qxa5 Qe2 37. Rg1 Qxc4 38. Qb6 Ra8 39. Qe3 Kh7 40. Qb3 Qc5 41. Re1 Rc8 42. h3 g5 43. Qd3+ Kh6 44. Qd7 Kg6 45. Qd3+ Kh6 46. Qd7 Kg6 47. Qd3+ Kh6 1/2-1/2